 Dungeon Crawl Stone Soup version 0.23.2-1-ga50397a6bc (webtiles) character file.

Game seed: 16141045982270958477

17124 Dovamih the Blocker (level 12, -11/112 HPs)
             Began as a Minotaur Fighter on May 30, 2019.
             Was a High Priest of Okawaru.
             Mangled by an 18-headed hydra (12 damage)
             ... on level 12 of the Dungeon.
             The game lasted 00:30:29 (12155 turns).

Dovamih the Blocker (Minotaur Fighter)             Turns: 12155, Time: 00:30:30

Health: -11/112    AC: 14    Str: 25    XL:     12   Next: 16%
Magic:  20/20      EV: 12    Int:  4    God:    Okawaru [*****.]
Gold:   747        SH: 17    Dex: 11    Spells: 11/11 levels left

rFire    + + .     SeeInvis +   D - +10 hand axe "Newt's Death Toll" {chop, rC+ MP+9 Int-4}
rCold    . . .     Gourm    .   c - +0 shield
rNeg     . . .     Faith    .   M - +0 fire dragon scales of Cocytus {rF++ rC- Int+3} (curse)
rPois    +         Spirit   .   (helmet restricted)
rElec    .         Reflect  +   e - +0 cloak
rCorr    .         Harm     .   m - +0 pair of gloves {archery}
MR       .....                  (no boots)
Stlth    ..........             g - +3 amulet of reflection
HPRegen  0.28/turn              C - ring of see invisible
MPRegen  0.17/turn              l - ring of poison resistance

@: very slightly contaminated, invisible
A: retaliatory headbutt, horns 2
a: Heroism, Finesse, Renounce Religion


You were on level 12 of the Dungeon.
You worshipped Okawaru.
Okawaru was extremely pleased with you.
You were near starving.

You visited 3 branches of the dungeon, and saw 14 of its levels.
You also visited: Bailey.

You collected 747 gold pieces.

Inventory:

Hand Weapons
 w - a +3 hand axe of venom
 D - the +10 hand axe "Newt's Death Toll" (weapon) {chop, rC+ MP+9 Int-4}
   (You found it on level 6 of the Dungeon)

   It inflicts extra damage upon your enemies.
   It affects your intelligence (-4).
   It protects you from cold.
   It affects your magic capacity (+9).
Missiles
 n - 12 tomahawks (quivered)
Armour
 c - a +0 shield (worn)
 e - a +0 cloak (worn)
 m - a +0 pair of gloves of archery (worn)
 t - a +1 plate armour
 M - the cursed +0 fire dragon scales of Cocytus (worn) {rF++ rC- Int+3}
   (You found it in a bailey)

   It affects your intelligence (+3).
   It greatly protects you from fire.
   It makes you vulnerable to cold.
   It has a curse placed upon it.
Jewellery
 g - a +3 amulet of reflection (around neck)
 k - an uncursed ring of protection from cold
 l - a ring of poison resistance (right hand)
 p - an uncursed amulet of the gourmand
 C - a ring of see invisible (left hand)
 L - an uncursed amulet of magic regeneration
Wands
 a - a wand of digging (5)
 G - a wand of iceblast (2)
Scrolls
 b - a scroll of brand weapon {unknown}
 h - 2 scrolls of enchant weapon
 o - 5 scrolls of identify
 r - a scroll of fear {unknown}
 s - 2 scrolls of enchant armour
 u - a scroll of fog
 v - a scroll of magic mapping
 y - 3 scrolls of teleportation {unknown}
 A - a scroll of noise {unknown}
 B - 6 scrolls of remove curse {unknown}
 F - a scroll of amnesia {unknown}
 H - a scroll of random uselessness {unknown}
 J - a scroll of holy word {unknown}
Potions
 d - a potion of might
 i - a potion of degeneration {unknown}
 j - 4 potions of curing
 q - 2 potions of lignification
 z - a potion of cancellation
 I - a potion of agility
Comestibles
 f - 16 rations


   Skills:
 - Level 12.0 Fighting
 + Level 10.2 Axes
 + Level 10.6 Armour
 - Level 6.0 Dodging
 * Level 14.0 Shields


You had 11 spell levels left.
You didn't know any spells.
Your spell library contained the following spells:

 Spells                   Type           Power        Failure   Level  Hunger
 Animate Skeleton         Necr           N/A          83%         1    ##.....
 Apportation              Tloc           #.....       83%         1    ##.....
 Confusing Touch          Hex            #.....       83%         1    ##.....
 Corona                   Hex            #......      83%         1    ##.....
 Summon Small Mammal      Summ           #...         83%         1    ##.....
 Slow                     Hex            #.......     92%         2    ###....
 Inner Flame              Hex/Fire       #.......     99%         3    ####...
 Portal Projectile        Hex/Tloc       #.....       99%         3    ####...
 Cause Fear               Hex            #.........   100%        4    #####..
 Leda's Liquefaction      Hex/Erth       #.........   100%        4    #####..


Dungeon Overview and Level Annotations

Branches:
Dungeon (12/15)            Temple (1/1) D:4            Lair (0/6) D:9
    Orc (1/2) D:9

Altars:
Ashenzari
Dithmenos
Elyvilon
Gozag
Hepliaklqana
Kikubaaqudgha
Makhleb
Nemelex Xobeh
Okawaru
Qazlal
Ru
Sif Muna
Trog
Uskayaw
Vehumet
Xom
Zin
The Shining One

Shops:
D:5 }


Innate Abilities, Weirdness & Mutations

You reflexively headbutt those who attack you in melee.
You have a pair of horns on your head.


Message History

* * * LOW HITPOINT WARNING * * *
The 16-headed hydra bites you.
* * * LOW HITPOINT WARNING * * *
The 16-headed hydra bites you but does no damage. x6
You hack one of the 16-headed hydra's heads off!
The 15-headed hydra grows two more!
You slash the 17-headed hydra!
The 17-headed hydra is almost dead.
You lop one of the 17-headed hydra's heads off!
The 16-headed hydra grows two more!
You hit the 18-headed hydra.
The 18-headed hydra is almost dead.
You block the 18-headed hydra's attack. The 18-headed hydra bites you.
* * * LOW HITPOINT WARNING * * *
You block the 18-headed hydra's attack. The 18-headed hydra closely misses you.
The 18-headed hydra bites you but does no damage.
The 18-headed hydra misses you.
The 18-headed hydra completely misses you.
The 18-headed hydra barely misses you.
The 18-headed hydra bites you but does no damage.
The 18-headed hydra bites you!
You die...

...###)...
##...........#)...
#.................
#..........#......
##........# #...... ##
#.........# ###....
###..#.........## ###..
#...............# #..
#......@........## ###..
##...#D..###.....###....
#.. #....# ##....#......
# #....####.##........
#..........#.........
#....#####...#..#.....
##... #...##.#..... ##.#
##..###.......
#....#........


You could see a 18-headed hydra.

Vanquished Creatures
  A hydra (D:12)
  Harold (D:7)
  2 two-headed ogres (D:9)
  2 tengu warriors (D:12)
  A cyclops (D:12)
  2 ugly things
  Joseph (D:7)
  3 trolls
  Prince Ribbit (D:7)
  3 slime creatures (D:8)
  2 hippogriffs
  A spriggan (D:11)
  A shadow (D:11)
  11 yaks
  Menkaure (D:7)
  4 wargs (D:9)
  A water moccasin (D:10)
  2 black bears
  4 ice beasts
  7 orc warriors
  4 phantoms
  2 sky beasts (D:11)
  5 ogres
  2 necrophages
  An eye of draining (D:11)
  5 centaurs
  A crocodile (D:12)
  A big kobold (D:9)
  7 bullfrogs
  5 killer bees (D:8)
  3 howler monkeys (D:8)
  13 wights
  4 crimson imps
  3 human zombies (D:9)
  A bullfrog skeleton (D:4)
  4 centaur skeletons
  A gnoll shaman (D:4)
  3 jellies (D:11)
  16 orc priests
  Crazy Yiuf (D:5)
  4 hounds
  17 orc wizards
  Natasha (thrice) (D:2)
  3 iguanas
  3 human skeletons (D:9)
  8 worker ants
  A hound zombie (D:2)
  2 mummies (D:9)
  A hound skeleton (D:4)
  A worker ant zombie (D:10)
  9 gnolls
  10 adders
  2 shadow imps
  2 oozes (D:2)
  2 adder zombies (D:2)
  2 adder skeletons
  A worm (D:3)
  4 dart slugs
  9 leopard geckos
  73 orcs
  7 bats
  7 giant cockroaches
  8 goblins
  12 hobgoblins
  8 jackals
  11 kobolds
  3 quokkas
  2 ball pythons
  5 frilled lizards
  2 giant cockroach zombies
  An orc zombie (D:9)
  A quokka skeleton (D:5)
  3 quokka zombies
  7 rats
367 creatures vanquished.

Notes
Turn   | Place    | Note
-------+----------+-------------------------------------------
     0 | D:1      | Dovamih the Minotaur Fighter began the quest for the Orb.
     0 | D:1      | Reached XP level 1. HP: 19/19 MP: 0/0
   226 | D:1      | Reached XP level 2. HP: 27/27 MP: 1/1
   244 | D:1      | Reached skill level 4 in Shields
   292 | D:1      | Reached XP level 3. HP: 22/33 MP: 2/2
   393 | D:1      | Reached skill level 1 in Dodging
   525 | D:1      | You fall through a shaft!
   881 | D:2      | Noticed Natasha
   888 | D:2      | Killed Natasha
   888 | D:2      | Reached XP level 4. HP: 34/41 MP: 3/3
   930 | D:2      | Noticed Natasha
   938 | D:2      | Killed Natasha
  1177 | D:2      | Noticed Natasha
  1184 | D:2      | Killed Natasha
  1184 | D:2      | Reached XP level 5. HP: 47/47 MP: 4/4
  1250 | D:2      | Reached skill level 5 in Shields
  1252 | D:2      | Reached skill level 5 in Fighting
  1746 | D:3      | Found a bloodstained altar of Trog.
  1886 | D:3      | Found a faded altar of an unknown god.
  1959 | D:3      | Reached XP level 6. HP: 56/56 MP: 5/5
  2520 | D:4      | Found a staircase to the Ecumenical Temple.
  2548 | Temple   | Entered the Ecumenical Temple
  2578 | Temple   | Became a worshipper of Warmaster Okawaru
  3041 | D:4      | Reached skill level 6 in Shields
  3042 | D:4      | Reached XP level 7. HP: 52/63 MP: 6/6
  3126 | D:4      | Reached skill level 5 in Armour
  3509 | D:4      | Found a faded altar of an unknown god.
  3509 | D:4      | Found a glowing golden altar of the Shining One.
  3515 | D:4      | Found a shattered altar of Ashenzari.
  3517 | D:4      | Found a faded altar of an unknown god.
  3518 | D:4      | Found a shadowy altar of Dithmenos.
  3555 | D:5      | Entered Level 5 of the Dungeon
  3584 | D:5      | Found a shimmering altar of Xom.
  3585 | D:5      | Found a shimmering altar of Xom.
  3585 | D:5      | Found Gayghahi's Gadget Shoppe.
  3826 | D:5      | Found a stormy altar of Qazlal.
  3901 | D:5      | Found a runed translucent door.
  3902 | D:5      | Noticed Crazy Yiuf
  4208 | D:5      | Killed Crazy Yiuf
  4626 | D:6      | Reached * piety under Okawaru
  4665 | D:6      | Got a bloodstained hand axe
  4669 | D:6      | Identified the +10 hand axe "Newt's Death Toll" {chop, rC+
                  | MP+9 Int-4} (You found it on level 6 of the Dungeon)
  4734 | D:6      | Reached XP level 8. HP: 73/73 MP: 7/7
  4739 | D:6      | Reached skill level 7 in Shields
  5363 | D:7      | Reached skill level 5 in Axes
  5374 | D:7      | Noticed Menkaure
  5379 | D:7      | Killed Menkaure
  5379 | D:7      | Reached ** piety under Okawaru
  5515 | D:7      | Found a glowing golden altar of the Shining One.
  5571 | D:7      | Noticed Joseph
  5572 | D:7      | Noticed Harold
  5584 | D:7      | Killed Joseph
  5584 | D:7      | Reached skill level 8 in Shields
  5597 | D:7      | Killed Harold
  5597 | D:7      | Reached *** piety under Okawaru
  5597 | D:7      | Reached skill level 5 in Dodging
  5597 | D:7      | Reached XP level 9. HP: 6/82 MP: 8/8
  5614 | D:7      | Reached skill level 9 in Shields
  5829 | D:7      | Found a white marble altar of Elyvilon.
  5876 | D:7      | Noticed Prince Ribbit
  6091 | D:7      | Killed Prince Ribbit
  6091 | D:7      | Reached **** piety under Okawaru
  6520 | D:8      | Found a burning altar of Makhleb.
  6520 | D:8      | Found a sacrificial altar of Ru.
  6569 | D:8      | Found a sparkling altar of Nemelex Xobeh.
  6805 | D:8      | Reached skill level 10 in Fighting
  6805 | D:8      | Reached XP level 10. HP: 77/93 MP: 9/9
  6807 | D:8      | Reached skill level 10 in Shields
  7268 | D:9      | Noticed a two-headed ogre
  7284 | D:9      | Killed a two-headed ogre
  7307 | D:9      | Reached ***** piety under Okawaru
  7641 | D:9      | Received a gift from Okawaru
  7641 | D:9      | Reached skill level 11 in Shields
  7794 | D:9      | Found a staircase to the Orcish Mines.
  8094 | D:9      | Found a staircase to the Lair.
  8190 | D:9      | Found a deep blue altar of Sif Muna.
  8414 | D:9      | Noticed a two-headed ogre
  8422 | D:9      | Killed a two-headed ogre
  8422 | D:9      | Reached XP level 11. HP: 48/103 MP: 10/10
  8651 | D:9      | Found an ancient bone altar of Kikubaaqudgha.
  8901 | D:10     | Entered Level 10 of the Dungeon
  8934 | Orc:1    | Entered Level 1 of the Orcish Mines
  9001 | D:10     | Found a flagged portal.
  9026 | Bailey   | Entered a bailey
  9189 | Bailey   | Noticed an orc knight
  9395 | Bailey   | Got steaming fire dragon scales
  9396 | Bailey   | Identified the cursed +0 fire dragon scales of Cocytus
                  | {rF++ rC- Int+3} (You found it in a bailey)
 10407 | D:10     | You fall through a shaft for 2 floors!
 10418 | D:12     | Reached skill level 12 in Shields
 11126 | D:11     | Reached skill level 13 in Shields
 11161 | D:11     | Got a slimy whip
 11162 | D:11     | Identified the +7 whip of Voatzuam {flame, MR+ Str+3 Int-5}
                  | (You found it on level 11 of the Dungeon)
 11195 | D:11     | Received a gift from Okawaru
 11253 | D:11     | Reached skill level 10 in Armour
 11340 | D:11     | Noticed a brown ugly thing
 11349 | D:11     | Killed a brown ugly thing
 11518 | D:12     | Noticed a green ugly thing
 11537 | D:12     | Killed a green ugly thing
 11621 | D:12     | Noticed a tengu warrior
 11625 | D:12     | Noticed a tengu warrior
 11633 | D:12     | Killed a tengu warrior
 11633 | D:12     | Reached XP level 12. HP: 81/112 MP: 11/11
 11637 | D:12     | Killed a tengu warrior
 11637 | D:12     | Reached skill level 10 in Axes
 11801 | D:12     | Noticed a seven-headed hydra
 11815 | D:12     | Killed a 14-headed hydra
 11815 | D:12     | Reached skill level 14 in Shields
 11890 | D:12     | Received a gift from Okawaru
 12054 | D:12     | Got a steaming hand axe {god gift}
 12055 | D:12     | Identified the +5 hand axe of a Labyrinth {chop, Str+2
                  | Int+3 Stlth-} (Okawaru gifted it to you on level 12 of the
                  | Dungeon)
 12135 | D:12     | Noticed a four-headed hydra
 12155 | D:12     | HP: 1/112 [18-headed hydra (5)]
 12155 | D:12     | Mangled by an 18-headed hydra

Skill      XL: |  1  2  3  4  5  6  7  8  9 10 11 12 |
---------------+-------------------------------------+-----
Shields        | 4 5 6 8 9 11 13 14 | 14.0
Fighting       | 4 5 6 7 8 10 11 12 | 12.0
Dodging        | 1 2 3 5 6 |  6.0
Armour         | 4 5 6 7 8 10 | 10.6
Axes           | 3 4 6 8 9 10 | 10.2

Action                   |  1- 3 |  4- 6 |  7- 9 | 10-12 || total
-------------------------+-------+-------+-------+-------++-------
Melee: War axe           |    67 |   155 |       |       ||   222
       Headbutt          |     8 |    35 |    39 |    80 ||   162
       Hand axe          |       |    26 |   248 |   450 ||   724
       Trident           |       |       |       |    42 ||    42
Invok: Heroism           |       |       |       |     2 ||     2
Evoke: Wand              |       |       |     1 |     1 ||     2
  Use: Scroll            |       |       |     2 |     9 ||    11
       Potion            |       |       |     5 |    11 ||    16
 Stab: Invisible         |       |       |       |     6 ||     6
  Eat: Chunk             |       |     6 |    13 |     9 ||    28
       Ration            |       |       |       |     2 ||     2
Armor: Scale mail        |    31 |    31 |       |       ||    62
       Plate armour      |       |    60 |    85 |    57 ||   202
       Skin              |       |       |     4 |    17 ||    21
       Fire dragon scale |       |       |       |   101 ||   101
Dodge: Dodged            |    14 |    34 |    33 |   168 ||   249
Block: Shield            |    44 |   146 |   160 |   400 ||   750
       Reflection        |       |     2 |       |    20 ||    22
